TOP OF THE 1ST |
Missouri Tigers batting - Pitching for Notre Dame Fighting Irish : RHP Dax Green
|
Pitching: RHP Dax Green
|
|
Batting: SHB Marcos Cruz
|
0-0: Ball 1-0: Ball 2-0: Ball 3-0: Called Strike 3-1: Fly out, F7 (Flyball, 7LD)
|
Batting: LHB Julián Echevarría
|
0-0: Ball 1-0: Ball 2-0: Foul Ball, location: 2F 2-1: Ball 3-1: Base on Balls
|
Batting: SHB Brian Fish
|
0-0: Ball 1-0: Called Strike 1-1: Called Strike 1-2: Ball 2-2: Foul Ball, location: 2F 2-2: Ball 3-2: Base on Balls Julián Echevarría to second
|
Batting: LHB Rodney Rosa
|
0-0: Ball 1-0: Called Strike Julián Echevarría steals 3rd base Brian Fish to second 1-1: Called Strike 1-2: Ball 2-2: Foul Ball, location: 2F 2-2: Foul Ball, location: 2F 2-2: Fly out, F8 (Flyball, 89XD) Runner from 3rd tags up, SCORES, no throw Brian Fish to third
|
Batting: RHB Harvey Willis
|
0-0: Ball 1-0: Ball 2-0: Swinging Strike 2-1: Ball 3-1: Foul Ball, location: 2F 3-2: Ground out 4-3 (Groundball, 4)
|
Top of the 1st over - 1 run, 0 hits, 0 errors, 1 left on base; Missouri 1 - Notre Dame 0 |
BOTTOM OF THE 1ST |
Notre Dame Fighting Irish batting - Pitching for Missouri Tigers : RHP Dave Hayes
|
Pitching: RHP Dave Hayes
|
|
Batting: RHB Allen Miller
|
0-0: Ball 1-0: Ground out 6-3 (Groundball, 6)
|
Batting: LHB Mitch Morales
|
0-0: DOUBLE (Line Drive, 9LM)
|
Batting: LHB Sam Knight
|
0-0: Called Strike 0-1: Ball 1-1: Swinging Strike 1-2: Strikes out swinging
|
Batting: LHB Juan Muñóz
|
0-0: Called Strike 0-1: Ball 1-1: Swinging Strike 1-2: Ball 2-2: Ball 3-2: SINGLE (Groundball, 3D) Mitch Morales to third Mitch Morales scores
|
Batting: SHB Willie Graves
|
0-0: Fly out, F7 (Flyball, 7S)
|
Bottom of the 1st over - 1 run, 2 hits, 0 errors, 1 left on base; Missouri 1 - Notre Dame 1 |
TOP OF THE 2ND |
Missouri Tigers batting - Pitching for Notre Dame Fighting Irish : RHP Dax Green
|
Batting: RHB Harry Edwards
|
0-0: Called Strike 0-1: Ball 1-1: Foul Ball, location: 2F 1-2: Ball 2-2: Ground out 1-3 (Groundball, 13)
|
Batting: LHB Michael Robertson
|
0-0: Called Strike 0-1: Swinging Strike 0-2: Strikes out swinging
|
Batting: LHB Alfredo Herrera
|
0-0: Ball 1-0: Foul Ball, location: 2F 1-1: Foul Ball, location: 2F 1-2: Ball 2-2: Foul Ball, location: 2F 2-2: SINGLE (Line Drive, 8RS)
|
Batting: SHB David Castaneda
|
0-0: Ball Alfredo Herrera steals 2nd base 1-0: Called Strike 1-1: Fly out, F8 (Flyball, 8LD)
|
Top of the 2nd over - 0 runs, 1 hit, 0 errors, 1 left on base; Missouri 1 - Notre Dame 1 |
BOTTOM OF THE 2ND |
Notre Dame Fighting Irish batting - Pitching for Missouri Tigers : RHP Dave Hayes
|
Batting: SHB Andre Keeler
|
0-0: Ball 1-0: Ball 2-0: Called Strike 2-1: Ball 3-1: Swinging Strike 3-2: Base on Balls
|
Batting: LHB Stewart Rodríguez
|
0-0: Called Strike 0-1: Ball 1-1: Ball 2-1: Ball 3-1: Base on Balls Andre Keeler to second
|
Batting: RHB Gene Swanson
|
0-0: Ball 1-0: Ball 2-0: Ball 3-0: Called Strike 3-1: Base on Balls Andre Keeler to third Stewart Rodríguez to second
|
Batting: LHB John Young
|
0-0: Called Strike 0-1: Ball 1-1: Ball 2-1: Foul Ball, location: 2F 2-2: Strikes out looking
|
Batting: RHB Allen Miller
|
0-0: Called Strike 0-1: Foul Ball, location: 2F 0-2: Ball 1-2: Ball 2-2: DOUBLE (Flyball, 89D) Andre Keeler scores Stewart Rodríguez scores Gene Swanson to third Runner from 3rd tries for Home, SAFE, no throw
|
Batting: LHB Mitch Morales
|
0-0: Ball 1-0: Foul Ball, location: 2F 1-1: Ground out 1-3 (Groundball, P) Allen Miller to third
|
Batting: LHB Sam Knight
|
0-0: Ball 1-0: Foul Ball, location: 2F 1-1: Foul Ball, location: 2F 1-2: Foul Ball, location: 2F 1-2: Ground out U3 (Groundball, 3)
|
Bottom of the 2nd over - 3 runs, 1 hit, 0 errors, 1 left on base; Missouri 1 - Notre Dame 4 |
TOP OF THE 3RD |
Missouri Tigers batting - Pitching for Notre Dame Fighting Irish : RHP Dax Green
|
Batting: SHB Marcos Cruz
|
0-0: DOUBLE (Flyball, 89D)
|
Batting: LHB Julián Echevarría
|
0-0: Ball 1-0: SINGLE (Line Drive, 34D) Marcos Cruz to third
|
Batting: SHB Brian Fish
|
0-0: Ball 1-0: Ball 2-0: DOUBLE (Line Drive, 9LD) Marcos Cruz scores Julián Echevarría to third Runner from 3rd tries for Home, SAFE, no throw
|
Batting: LHB Rodney Rosa
|
0-0: Foul Ball, location: 2F 0-1: Ball 1-1: Called Strike 1-2: Ball 2-2: Fly out, F9 (Flyball, 9D) Runner from 2nd tags up, SAFE at 3rd, no throw
|
Batting: RHB Harvey Willis
|
0-0: Called Strike 0-1: Ball 1-1: Foul Ball, location: 2F 1-2: Foul Ball, location: 2F 1-2: Ball 2-2: Foul Ball, location: 2F 2-2: Foul Ball, location: 2F 2-2: Ground out 4-3 (Groundball, 4) Brian Fish scores
|
Batting: RHB Harry Edwards
|
0-0: Ball 1-0: Ball 2-0: Ball 3-0: Called Strike 3-1: SINGLE (Line Drive, 56)
|
Batting: LHB Michael Robertson
|
0-0: Swinging Strike 0-1: Ball 1-1: Called Strike 1-2: Ball 2-2: Ball 3-2: Base on Balls Harry Edwards to second
|
Batting: LHB Alfredo Herrera
|
0-0: Ball 1-0: Foul Ball, location: 2F 1-1: Ball 2-1: SINGLE (Line Drive, 89M) Harry Edwards to third Michael Robertson to second Runner from 3rd tries for Home, SAFE, no throw
|
Pitching: RHP Patrick Henry
|
|
Batting: SHB David Castaneda
|
0-0: Ball 1-0: Fly out, F7 (Line Drive, 7LM)
|
Top of the 3rd over - 4 runs, 5 hits, 0 errors, 2 left on base; Missouri 5 - Notre Dame 4 |
BOTTOM OF THE 3RD |
Notre Dame Fighting Irish batting - Pitching for Missouri Tigers : RHP Dave Hayes
|
Batting: LHB Juan Muñóz
|
0-0: Ground out 5-3 (Groundball, 56)
|
Batting: SHB Willie Graves
|
0-0: Ball 1-0: Swinging Strike 1-1: Called Strike 1-2: Foul Ball, location: 2F 1-2: Ball 2-2: Fly out, F3 (Line Drive, 3S)
|
Batting: SHB Andre Keeler
|
0-0: Called Strike 0-1: Swinging Strike 0-2: Strikes out swinging
|
Bottom of the 3rd over - 0 runs, 0 hits, 0 errors, 0 left on base; Missouri 5 - Notre Dame 4 |
TOP OF THE 4TH |
Missouri Tigers batting - Pitching for Notre Dame Fighting Irish : RHP Patrick Henry
|
Batting: SHB Marcos Cruz
|
0-0: Ball 1-0: Swinging Strike 1-1: Foul Ball, location: 2F 1-2: SINGLE (Flyball, 89S)
|
Batting: LHB Julián Echevarría
|
0-0: Ball 1-0: Ball 2-0: Ball Wild Pitch! Marcos Cruz to second 3-0: Base on Balls
|
Batting: SHB Brian Fish
|
0-0: Called Strike 0-1: Ball 1-1: Foul Ball, location: 2F 1-2: Fielders Choice at 2nd, 4-6 (Groundball, 4) Marcos Cruz to third
|
Batting: LHB Rodney Rosa
|
0-0: Called Strike 0-1: Ball 1-1: Fly out, F7 (Flyball, 7S) Runner from 3rd tags up, SCORES, no throw
|
Batting: RHB Harvey Willis
|
0-0: Foul Ball, location: 2F 0-1: Called Strike 0-2: Strikes out swinging
|
Top of the 4th over - 1 run, 1 hit, 0 errors, 1 left on base; Missouri 6 - Notre Dame 4 |
BOTTOM OF THE 4TH |
Notre Dame Fighting Irish batting - Pitching for Missouri Tigers : RHP Dave Hayes
|
Batting: LHB Stewart Rodríguez
|
0-0: Called Strike 0-1: Foul Ball, location: 2F 0-2: Ball 1-2: Foul Ball, location: 2F 1-2: Ball 2-2: Ball 3-2: Ground out 6-3 (Groundball, 6M)
|
Batting: RHB Gene Swanson
|
0-0: Ball 1-0: Ball 2-0: SINGLE (Groundball, 34S) (infield hit)
|
Batting: LHB John Young
|
0-0: Called Strike 0-1: Called Strike Gene Swanson steals 2nd base 0-2: Ball 1-2: Ball 2-2: Strikes out swinging
|
Batting: RHB Allen Miller
|
0-0: DOUBLE (Line Drive, 9LM) Gene Swanson scores
|
Batting: LHB Mitch Morales
|
0-0: Called Strike 0-1: Ball 1-1: Ball 2-1: Foul Ball, location: 2F 2-2: Strikes out swinging
|
Bottom of the 4th over - 1 run, 2 hits, 0 errors, 1 left on base; Missouri 6 - Notre Dame 5 |
TOP OF THE 5TH |
Missouri Tigers batting - Pitching for Notre Dame Fighting Irish : RHP Patrick Henry
|
Batting: RHB Harry Edwards
|
0-0: Ball 1-0: Ball 2-0: Called Strike 2-1: SINGLE (Groundball, 6D)
|
Batting: LHB Michael Robertson
|
0-0: Swinging Strike 0-1: Foul Ball, location: 2F 0-2: Strikes out swinging
|
Batting: LHB Alfredo Herrera
|
0-0: Foul Ball, location: 2F 0-1: SINGLE (Flyball, 7LS) Harry Edwards to second
|
Batting: SHB David Castaneda
|
0-0: Swinging Strike 0-1: Swinging Strike 0-2: Foul Ball, location: 2F 0-2: Ball 1-2: Fly out, F8 (Flyball, 8LM)
|
Batting: SHB Marcos Cruz
|
0-0: Ground out 3-1 (Groundball, 34)
|
Top of the 5th over - 0 runs, 2 hits, 0 errors, 2 left on base; Missouri 6 - Notre Dame 5 |
BOTTOM OF THE 5TH |
Notre Dame Fighting Irish batting - Pitching for Missouri Tigers : RHP Dave Hayes
|
Batting: LHB Sam Knight
|
0-0: Ball 1-0: Ball 2-0: Called Strike 2-1: Called Strike 2-2: Ball 3-2: Foul Ball, location: 2F 3-2: Foul Ball, location: 2F 3-2: Foul Ball, location: 2F 3-2: Foul Ball, location: 2F 3-2: Base on Balls
|
Pitching: RHP Vincente León
|
|
Batting: LHB Juan Muñóz
|
0-0: SINGLE (Line Drive, 7S) Sam Knight to second
|
Batting: SHB Willie Graves
|
0-0: Ball 1-0: Foul Ball, location: 2F 1-1: Fly out, F9 (Flyball, 9D) Runner from 2nd tags up, SAFE at 3rd, no throw
|
Batting: SHB Andre Keeler
|
0-0: Ball 1-0: Called Strike 1-1: Ball 2-1: Ball 3-1: Swinging Strike 3-2: SINGLE (Groundball, 56D) Sam Knight scores Juan Muñóz to second
|
Batting: LHB Stewart Rodríguez
|
0-0: Called Strike 0-1: Foul Ball, location: 2F 0-2: Ball 1-2: Foul Ball, location: 2F 1-2: Ball 2-2: Ball 3-2: Foul Ball, location: 2F 3-2: Foul Ball, location: 2F 3-2: SINGLE (Groundball, 4MD) Juan Muñóz to third Andre Keeler to second Runner from 3rd tries for Home, SAFE, throw made home
|
Batting: RHB Gene Swanson
|
0-0: Ball 1-0: Ball 2-0: Swinging Strike 2-1: Ball 3-1: Ground out 5-3 (Groundball, 4MS) Andre Keeler to third Stewart Rodríguez to second
|
Batting: LHB John Young
|
0-0: Ground out 6-3 (Groundball, 6)
|
Bottom of the 5th over - 2 runs, 3 hits, 0 errors, 2 left on base; Missouri 6 - Notre Dame 7 |
TOP OF THE 6TH |
Missouri Tigers batting - Pitching for Notre Dame Fighting Irish : RHP Patrick Henry
|
Batting: LHB Julián Echevarría
|
0-0: Swinging Strike 0-1: Ball 1-1: Ball 2-1: Fly out, F8 (Line Drive, 78D)
|
Batting: SHB Brian Fish
|
0-0: Ground out 4-3 (Groundball, 4M)
|
Batting: LHB Rodney Rosa
|
0-0: Ground out U3 (Groundball, 34)
|
Top of the 6th over - 0 runs, 0 hits, 0 errors, 0 left on base; Missouri 6 - Notre Dame 7 |
BOTTOM OF THE 6TH |
Notre Dame Fighting Irish batting - Pitching for Missouri Tigers : RHP Vincente León
|
Batting: RHB Allen Miller
|
0-0: Called Strike 0-1: Foul Ball, location: 2F 0-2: Ball 1-2: Foul Ball, location: 2F 1-2: Foul Ball, location: 2F 1-2: Ball 2-2: Strikes out swinging
|
Batting: LHB Mitch Morales
|
0-0: Ball 1-0: Called Strike 1-1: Called Strike 1-2: Ball 2-2: Foul Ball, location: 2F 2-2: Ball 3-2: Strikes out swinging
|
Batting: LHB Sam Knight
|
0-0: Called Strike 0-1: Ball 1-1: Ball 2-1: Called Strike 2-2: Ball 3-2: Base on Balls
|
Batting: LHB Juan Muñóz
|
0-0: Ball 1-0: Ball 2-0: Called Strike 2-1: DOUBLE (Line Drive, 8LD) Sam Knight to third
|
Batting: SHB Willie Graves
|
0-0: Swinging Strike 0-1: Fly out, F8 (Flyball, 8LD)
|
Bottom of the 6th over - 0 runs, 1 hit, 0 errors, 2 left on base; Missouri 6 - Notre Dame 7 |
TOP OF THE 7TH |
Missouri Tigers batting - Pitching for Notre Dame Fighting Irish : RHP Patrick Henry
|
Batting: RHB Harvey Willis
|
0-0: SINGLE (Groundball, 56D)
|
Batting: RHB Harry Edwards
|
0-0: Ball 1-0: Called Strike 1-1: Swinging Strike 1-2: SINGLE (Flyball, 78S) Harvey Willis to second
|
Batting: LHB Michael Robertson
|
0-0: Foul Ball, location: 2F 0-1: Ball 1-1: Foul Ball, location: 2F 1-2: Foul Ball, location: 2F 1-2: Ball 2-2: Strikes out swinging
|
Batting: LHB Alfredo Herrera
|
0-0: Ball 1-0: Ball 2-0: Foul Ball, location: 2F 2-1: Swinging Strike 2-2: DOUBLE (Line Drive, 8LD) Harvey Willis scores Harry Edwards to third
|
Pinch Hitting: RHB Beau McNeill
|
0-0: Called Strike 0-1: Foul Ball, location: 2F 0-2: Strikes out swinging
|
Batting: SHB Marcos Cruz
|
0-0: Called Strike 0-1: Ball 1-1: Ground out 4-3 (Groundball, 4M)
|
Top of the 7th over - 1 run, 3 hits, 0 errors, 2 left on base; Missouri 7 - Notre Dame 7 |
BOTTOM OF THE 7TH |
Notre Dame Fighting Irish batting - Pitching for Missouri Tigers : RHP Vincente León
|
Now at 2B: Beau McNeill
|
|
Batting: SHB Andre Keeler
|
0-0: Ball 1-0: Called Strike 1-1: Called Strike 1-2: Foul Ball, location: 2F 1-2: Ball 2-2: Foul Ball, location: 2F 2-2: Foul Ball, location: 2F 2-2: Strikes out swinging
|
Batting: LHB Stewart Rodríguez
|
0-0: Called Strike 0-1: Called Strike 0-2: Ball 1-2: Ball 2-2: Ball 3-2: Base on Balls
|
Pitching: RHP Donnie Davenport
|
|
Pinch Hitting: RHB River Hall
|
0-0: Ball 1-0: Called Strike 1-1: Foul Ball, location: 2F 1-2: Reached on error, E1 (Groundball, P) Stewart Rodríguez to second
|
Batting: LHB John Young
|
0-0: Fly out, F9 (Flyball, 9LS)
|
Batting: RHB Allen Miller
|
0-0: Single, Error in OF, E7, batter to second base Stewart Rodríguez scores River Hall to third
|
Batting: LHB Mitch Morales
|
0-0: Foul Ball, location: 2F 0-1: Ball 1-1: Ball 2-1: SINGLE (Line Drive, 4M) River Hall scores Allen Miller to third Runner from 3rd tries for Home, SAFE, no throw
|
Pitching: RHP Stephen Bishop
|
|
Batting: LHB Sam Knight
|
0-0: Ball 1-0: Fielders Choice at 2nd, 6-4 (Groundball, 56)
|
Bottom of the 7th over - 3 runs, 2 hits, 2 errors, 1 left on base; Missouri 7 - Notre Dame 10 |
TOP OF THE 8TH |
Missouri Tigers batting - Pitching for Notre Dame Fighting Irish : RHP Patrick Henry
|
Now at SS: Lee Dean
|
|
Batting: LHB Julián Echevarría
|
0-0: Ball 1-0: Foul Ball, location: 2F 1-1: Ball 2-1: Called Strike 2-2: Foul Ball, location: 2F 2-2: Ball 3-2: Foul Ball, location: 2F 3-2: Base on Balls
|
Pitching: RHP Nick Wilson
|
|
Batting: SHB Brian Fish
|
0-0: Ball 1-0: Ball 2-0: Called Strike Pickoff Throw to First - Error! E1 Julián Echevarría to second 2-1: Foul Ball, location: 2F 2-2: Ground out 6-3 (Groundball, 6) Julián Echevarría to third
|
Batting: LHB Rodney Rosa
|
0-0: TRIPLE (Line Drive, 8RXD) Julián Echevarría scores
|
Batting: RHB Harvey Willis
|
0-0: Fly out, F8 (Flyball, 8RM) Runner from 3rd tags up, SCORES, no throw
|
Batting: RHB Harry Edwards
|
0-0: Called Strike 0-1: Ball 1-1: Foul Ball, location: 2F 1-2: Strikes out swinging
|
Top of the 8th over - 2 runs, 1 hit, 1 error, 0 left on base; Missouri 9 - Notre Dame 10 |
BOTTOM OF THE 8TH |
Notre Dame Fighting Irish batting - Pitching for Missouri Tigers : RHP Stephen Bishop
|
Batting: LHB Juan Muñóz
|
0-0: Called Strike 0-1: Foul Ball, location: 2F 0-2: Ground out 4-3 (Groundball, 4)
|
Batting: SHB Willie Graves
|
0-0: Ball 1-0: Called Strike 1-1: Ball 2-1: Called Strike 2-2: Strikes out swinging
|
Batting: SHB Andre Keeler
|
0-0: Called Strike 0-1: Swinging Strike 0-2: Ball 1-2: Foul Ball, location: 2F 1-2: Ball 2-2: Ball 3-2: Foul Ball, location: 2F 3-2: Strikes out swinging
|
Bottom of the 8th over - 0 runs, 0 hits, 0 errors, 0 left on base; Missouri 9 - Notre Dame 10 |
TOP OF THE 9TH |
Missouri Tigers batting - Pitching for Notre Dame Fighting Irish : RHP Nick Wilson
|
Now in LF: Bartolo Medina
|
|
Batting: LHB Michael Robertson
|
0-0: Ball 1-0: Foul Ball, location: 2F 1-1: SINGLE (Line Drive, 56D)
|
Batting: LHB Alfredo Herrera
|
0-0: Ball 1-0: Called Strike 1-1: Fly out, F7 (Flyball, 7)
|
Batting: RHB Beau McNeill
|
0-0: Ball 1-0: Foul Ball, location: 2F 1-1: Called Strike 1-2: Foul Ball, location: 2F 1-2: Strikes out swinging
|
Batting: SHB Marcos Cruz
|
0-0: Ball 1-0: Swinging Strike 1-1: Ball 2-1: Ball 3-1: Foul Ball, location: 2F 3-2: Base on Balls Michael Robertson to second
|
Batting: LHB Julián Echevarría
|
0-0: Foul Ball, location: 2F 0-1: Called Strike 0-2: Strikes out swinging
|
Top of the 9th over - 0 runs, 1 hit, 0 errors, 2 left on base; Missouri 9 - Notre Dame 10 |
|